 Dungeon Crawl Stone Soup version 0.26-a0-43-g20b394cb32 (webtiles) character file.

Game seed: 13705763702757378782

49774 Maedhros the Martial Artist (level 14, -14/104 HPs)
             Began as an Octopode Artificer on June 2, 2020.
             Was a High Priest of Cheibriados.
             Demolished by a troll (17 damage)
             ... while paralysed by an ogre mage
             ... on level 2 of the Orcish Mines on June 3, 2020.
             The game lasted 01:11:21 (8544 turns).

Maedhros the Martial Artist (Octopode Artificer)    Turns: 8544, Time: 01:11:22

Health: -14/104    AC: 15    Str: 34    XL:     14   Next: 52%
Magic:  21/21      EV:  2    Int: 36    God:    Cheibriados [*****.]
Gold:   1268       SH:  0    Dex: 30    Spells: 0/23 levels left

rFire    x . .     SeeInvis .     - Unarmed
rCold    + . .     Gourm    .   O - +0 buckler
rNeg     . . .     Faith    .   (helmet restricted)
rPois    .         Spirit   .   U - amulet of the acrobat
rElec    +         Reflect  .   e - +4 ring of protection
rCorr    .         Harm     .   v - ring of stealth
MR       +....                  w - +6 ring of intelligence
Stlth    ++++++....             N - +4 ring of protection
HPRegen  0.27/turn              c - +6 ring of strength
MPRegen  0.17/turn              Q - ring "Vibrier" {rElec EV+4 Str+2 Int+2}
                                S - +4 ring of protection
                                l - ring of ice

@: paralysed, very slow
A: almost no armour, stealthy swim, amphibious, 8 rings, constrict 8, thin
metallic scales 1, camouflage 2, robust 1, gelatinous body 1
a: Bend Time, Temporal Distortion, Slouch, Step From Time, Renounce Religion


You were on level 2 of the Orcish Mines.
You worshipped Cheibriados.
Cheibriados was extremely pleased with you.
You were not hungry.

You visited 4 branches of the dungeon, and saw 23 of its levels.
You also visited: Sewer and Ossuary.

You collected 1385 gold pieces.
You spent 117 gold pieces at shops.

Inventory:

Hand Weapons
 g - a +2 dagger of venom
 x - a +0 hunting sling
 C - the +5 mace of Generosity {vorpal, rElec Str+4 Dex+3}
   (You found it on level 5 of the Dungeon)

   It inflicts extra damage upon your enemies.
   It affects your strength (+4).
   It affects your dexterity (+3).
   It insulates you from electricity.
 K - a +9 hunting sling
Missiles
 u - 8 curare-tipped darts
 y - 255 stones
 A - 142 sling bullets
 D - 41 poisoned darts (quivered)
Armour
 O - a +0 buckler (worn)
 W - a cursed +0 kite shield
Magical Staves
 E - an uncursed staff of fire {unknown}
 P - an uncursed staff of conjuration {unknown}
Jewellery
 c - a +6 ring of strength (on tentacle)
 e - a +4 ring of protection (left tentacle)
 l - a ring of ice (on tentacle)
 v - a ring of stealth (right tentacle)
 w - a +6 ring of intelligence (on tentacle)
 N - a +4 ring of protection (on tentacle)
 Q - the ring "Vibrier" (on tentacle) {rElec EV+4 Str+2 Int+2}
   (You found it on level 2 of the Lair of Beasts)

   [ring of evasion]

   It affects your evasion (+4).
   It affects your strength (+2).
   It affects your intelligence (+2).
   It insulates you from electricity.
 S - a +4 ring of protection (on tentacle)
 T - an uncursed ring of ice
 U - an amulet of the acrobat (around mantle)
Wands
 b - a wand of flame (37)
 i - a wand of acid (6)
 F - a wand of iceblast (20)
 M - a wand of digging (3)
Scrolls
 a - 3 scrolls of enchant armour
 m - a scroll of silence
 o - 7 scrolls of teleportation
 p - 2 scrolls of fog
 q - 4 scrolls of remove curse
 s - a scroll of vulnerability {unknown}
 t - a scroll of fear
 z - a scroll of identify
 B - 2 scrolls of amnesia
 R - 2 scrolls of magic mapping
Potions
 d - 5 potions of stabbing
 h - 5 potions of curing
 j - a potion of invisibility
 k - a potion of lignification
 n - 2 potions of flight
 r - 6 potions of heal wounds
 G - a potion of resistance
 H - a potion of might
 I - a potion of ambrosia
 L - a potion of magic
 V - a potion of mutation
 Y - a potion of cancellation
Comestibles
 f - 25 rations


   Skills:
 + Level 8.7 Fighting
 - Level 2.4 Short Blades
 + Level 10.1 Dodging
 - Level 3.5 Stealth
 * Level 5.0 Shields
 + Level 10.2 Unarmed Combat
 - Level 5.0 Spellcasting
 - Level 7.1 Hexes
 - Level 8.4 Summonings
 - Level 3.0 Translocations
 - Level 5.8 Air Magic
 - Level 6.9 Earth Magic
 - Level 7.2 Invocations
 - Level 7.2 Evocations


You couldn't memorise any spells.
You knew the following spells:

 Your Spells              Type           Power        Failure   Level  Hunger
a - Stone Arrow           Conj/Erth      ####..       2%          3    None
b - Apportation           Tloc           ####..       1%          1    None
c - Summon Butterflies    Summ           ######..     1%          1    None
d - Tukima's Dance        Hex            ######..     1%          3    None
e - Summon Lightning Spi  Summ/Air       ######..     1%          4    ###....
f - Invisibility          Hex            ######..     32%         6    ######.
g - Mephitic Cloud        Conj/Pois/Air  ###.....     5%          3    None
h - Blink                 Tloc           N/A          1%          2    None

Your spell library contained the following spells:

 Spells                   Type           Power        Failure   Level  Hunger
 Sandblast                Erth           ######       1%          1    None
 Call Imp                 Summ           ######..     1%          2    None
 Passwall                 Tmut/Erth      ####....     1%          2    None
 Slow                     Hex            ######..     1%          2    None
 Inner Flame              Hex/Fire       ####....     2%          3    None
 Foxfire                  Conj/Fire      #...         3%          1    None
 Magic Dart               Conj           #...         3%          1    None
 Lesser Beckoning         Tloc           ####......   3%          3    None
 Lee's Rapid Deconstruct  Erth           ######....   6%          5    #####..
 Silence                  Hex/Air        ######....   8%          5    #####..
 Petrify                  Tmut/Erth      ####....     10%         4    ###....
 Conjure Flame            Conj/Fire      #.......     12%         3    None
 Sticky Flame             Conj/Fire      #.......     36%         4    ###....
 Alistair's Intoxication  Tmut/Pois      #.......     71%         5    #####..
 Fireball                 Conj/Fire      #.........   71%         5    #####..
 Conjure Ball Lightning   Conj/Air       ####......   88%         6    ######.
 Tornado                  Air            ######....   100%        9    #######


Dungeon Overview and Level Annotations

Branches:
Dungeon (14/15)            Temple (1/1) D:5            Lair (6/6) D:11
 Shoals (0/4) Lair:2       Spider (0/4) Lair:2          Orc (2/2) D:12
  Sewer (visited)         Ossuary (visited)
  Slime: Lair:5-6       Elf: Orc:2       Vaults: D:13-14

Altars:
Ashenzari
Cheibriados
Dithmenos
Elyvilon
Fedhas
Gozag
Hepliaklqana
Kikubaaqudgha
Makhleb
Nemelex Xobeh
Okawaru
Qazlal
Ru
Sif Muna
Uskayaw
Vehumet
Wu Jian
Xom
Yredelemnul
The Shining One

Shops:
D:10 [

Annotations:
D:7 Maggie
D:14 1 transporter, Neusuxug's ghost, journeyman NaVM; Rupert
Lair:3 exclusion: 2 oklob plants
Lair:4 Snorg
Lair:6 exclusion: 2 oklob plants


Innate Abilities, Weirdness & Mutations

You cannot wear most types of armour.
You are very stealthy in the water. (Stealth+)
You are amphibious.
You can wear up to eight rings at the same time.
You can use your tentacles to constrict eight enemies at once.
Your skin blends seamlessly with your surroundings (Stealth++).
Your rubbery body absorbs attacks. (AC +1, EV +1)
You are partially covered in thin metallic scales. (AC +2)
You are robust. (+10% HP)


Message History

The troll bites you but does no damage. The troll barely misses you. x2
The orc warrior hits you but does no damage.
The ogre hits you with a +0 giant club. The troll bites you.
The troll claws you. The troll claws you but does no damage.
The orc warrior hits you but does no damage.
The two-headed ogre hits you but does no damage.
The two-headed ogre hits you with a +0 giant spiked club!
The deep troll bites you but does no damage.
The deep troll claws you!
* * * LOW HITPOINT WARNING * * *
The deep troll claws you.
* * * LOW HITPOINT WARNING * * *
The ogre mage hits you with a +0 flail!
* * * LOW HITPOINT WARNING * * *
The ogre hits you with a +0 giant club!
* * * LOW HITPOINT WARNING * * *
The troll bites you!
You die...
Xom chuckles heartily!

.....$......##.
....#.#........
#........$....
. #............
(.#............
......)........
....OTOO)......
...oOOT@)......
.O$...ToO......
....)..........
..##...........
. #...........
............
...$.........
#.#.#....#####


You could see 3 two-headed ogres, an ogre mage, a deep troll, 2 trolls, an orc
warrior, 3 ogres and an orc wizard.

Vanquished Creatures
  Kirke (D:12)
  Josephine (Lair:5)
  4 hydras
  4 two-headed ogres
  An ogre mage (Orc:2)
  8 death yaks
  Sonja (D:12)
  An orc knight (D:14)
  3 wyverns
  2 deep elf magi (D:13)
  A manticore (D:11)
  2 black mambas
  2 centaur zombies
  Joseph (Lair:1)
  Psyche (D:8)
  13 spiny frogs
  2 gargoyles
  A torpor snail (Lair:5)
  A rime drake (Lair:5)
  4 komodo dragons
  4 hornets
  3 trolls
  4 polar bears
  4 blink frogs (Lair:6)
  Edmund (D:5)
  A snapping turtle (Lair:2)
  8 hippogriffs
  3 dream sheep (Lair:6)
  2 redbacks (Lair:2)
  A shadow (D:12)
  10 spriggans (Lair:6)
  6 wraiths
  2 hogs (D:12)
  36 yaks
  2 basilisks
  5 hungry ghosts
  A steam dragon (D:8)
  6 water moccasins
  Purgy (Sewer)
  7 porcupines
  2 ice beasts
  5 orc warriors
  An eye of draining (D:12)
  7 black bears
  3 sky beasts
  4 boggarts (Lair:6)
  A necrophage (D:11)
  5 centaurs
  12 ogres
  16 wolves
  2 big kobolds
  11 crocodiles
  12 bullfrogs
  A gnoll sergeant (D:5)
  A wyvern zombie (D:10)
  A wyvern skeleton (D:7)
  6 scorpions
  3 troll zombies (D:12)
  A water moccasin skeleton (D:8)
  A killer bee (D:12)
  5 howler monkeys
  9 electric eels
  2 bullfrog zombies
  3 crimson imps
  A gnoll shaman (D:10)
  6 jellies
  2 orc priests
  6 orc wizards
  5 centaur skeletons
  3 hounds
  An iguana (D:8)
  Ijyb (D:3)
  6 hell rats (Lair:6)
  9 worker ants
  4 ogre zombies (D:12)
  A hound zombie (Ossuary)
  3 mummies (Ossuary)
  A hound skeleton (D:8)
  6 gnolls
  6 adders
  An adder skeleton (D:10)
  5 adder zombies (Ossuary)
  3 worms
  5 dart slugs
  8 leopard geckos
  32 orcs
  2 ball pythons
  6 bats
  7 giant cockroaches
  7 goblins
  8 hobgoblins
  9 jackals
  18 kobolds
  8 quokkas
  5 frilled lizards
  3 gnoll zombies (Ossuary)
  5 goblin zombies
  2 hobgoblin skeletons (D:12)
  3 hobgoblin zombies
  A jackal zombie (Ossuary)
  2 kobold zombies (Ossuary)
  A leopard gecko zombie (D:5)
  2 orc skeletons (D:12)
  14 orc zombies
  7 quokka zombies
  8 rats
  2 rat zombies (Ossuary)
  A fungus (Lair:6)
  A plant (D:11)
512 creatures vanquished.

Vanquished Creatures (collateral kills)
  A hydra (Lair:6)
  A catoblepas (Lair:6)
  A death yak (Lair:6)
  An ugly thing (D:11)
  2 trolls (Orc:2)
  A hippogriff (D:11)
  2 spriggans (Lair:6)
  2 yaks (D:10)
  A hog (D:12)
  2 water moccasins (Lair:6)
  A wolf (Lair:6)
  An ogre (Orc:2)
  2 crocodiles
  A troll zombie (D:12)
  A howler monkey (D:11)
  A hound (D:12)
  A bullfrog skeleton (D:10)
  An iguana (D:5)
  3 gnolls (D:5)
  4 orcs (Orc:2)
  A hobgoblin skeleton (D:12)
  2 orc zombies (D:12)
33 creatures vanquished.

Vanquished Creatures (others)
  A gargoyle (D:12)
  A troll (Orc:2)
  A sky beast (D:5)
  A centaur (D:8)
  An orc wizard (D:7)
  6 fungi
  10 plants
21 creatures vanquished.

Grand Total: 566 creatures vanquished

Notes
Turn   | Place    | Note
-------+----------+-------------------------------------------
     0 | D:1      | Maedhros the Octopode Artificer began the quest for the
                  | Orb.
     0 | D:1      | Reached XP level 1. HP: 13/13 MP: 3/3
    81 | D:1      | Reached XP level 2. HP: 5/18 MP: 4/4
   274 | D:2      | Reached XP level 3. HP: 22/23 MP: 4/6
   377 | D:5      | Entered Level 5 of the Dungeon
   377 | D:5      | Noticed Edmund
   377 | D:5      | Noticed a sky beast
   393 | D:5      | Killed Edmund
   393 | D:5      | Reached skill level 5 in Evocations
   393 | D:5      | Reached XP level 4. HP: 28/28 MP: 7/7
   393 | D:5      | Reached XP level 5. HP: 33/33 MP: 8/8
   419 | D:5      | Found a glowing drain.
   438 | D:5      | Reached skill level 1 in Unarmed Combat
   438 | D:5      | Reached XP level 6. HP: 36/38 MP: 9/9
   443 | Sewer    | Entered a sewer
   495 | Sewer    | Noticed Purgy
   507 | Sewer    | Killed Purgy
   596 | D:5      | Found a sand-covered staircase.
   600 | Ossuary  | Entered an ossuary
   655 | Ossuary  | Reached XP level 7. HP: 38/43 MP: 10/10
   852 | D:5      | Found a staircase to the Ecumenical Temple.
   854 | D:5      | Reached skill level 5 in Unarmed Combat
   863 | Temple   | Entered the Ecumenical Temple
   883 | Temple   | Became a worshipper of Xom of Chaos
   914 | Temple   | Fell from the grace of Xom
   914 | Temple   | Became a worshipper of Cheibriados the Contemplative
  1289 | D:1      | Reached * piety under Cheibriados
  1420 | D:2      | Found an iron altar of Okawaru.
  1475 | D:3      | Noticed Ijyb
  1481 | D:3      | Killed Ijyb
  1516 | D:3      | Found a hazy altar of Hepliaklqana.
  1522 | D:3      | Reached ** piety under Cheibriados
  1526 | D:3      | Found a shadowy altar of Dithmenos.
  1734 | D:4      | XOM: summons 4 hostile demons
  1825 | D:4      | Reached XP level 8. HP: 32/48 MP: 11/11
  1977 | D:5      | XOM: stat loss: -3 Int (20/23)
  2022 | D:5      | Got a fading mace
  2062 | D:5      | Identified the +5 mace of Generosity {vorpal, rElec Str+4
                  | Dex+3} (You found it on level 5 of the Dungeon)
  2145 | D:5      | Found a sparkling altar of Nemelex Xobeh.
  2289 | D:6      | XOM: 2-stop teleportation journey
  2591 | D:6      | Reached XP level 9. HP: 55/55 MP: 12/12
  2627 | D:7      | Noticed Maggie
  2643 | D:7      | Reached *** piety under Cheibriados
  2934 | D:8      | Reached skill level 5 in Dodging
  3077 | D:8      | XOM: divination: magic mapping
  3104 | D:8      | Reached skill level 5 in Fighting
  3169 | D:8      | Reached **** piety under Cheibriados
  3201 | D:8      | Noticed Psyche
  3204 | D:8      | Killed Psyche
  3204 | D:8      | Reached XP level 10. HP: 56/68 MP: 13/13
  3207 | D:8      | Noticed a two-headed ogre
  3357 | D:9      | XOM: noise
  3442 | D:9      | Found a blossoming altar of Fedhas.
  3522 | D:10     | Entered Level 10 of the Dungeon
  3539 | D:10     | Learned a level 3 spell: Stone Arrow
  3573 | D:9      | Found an ancient bone altar of Kikubaaqudgha.
  3648 | D:10     | Reached skill level 1 in Invocations
  3701 | D:10     | Noticed a two-headed ogre
  3703 | D:10     | Reached skill level 1 in Earth Magic
  3706 | D:10     | XOM: silly message
  3708 | D:10     | Killed a two-headed ogre
  3708 | D:10     | Reached skill level 10 in Unarmed Combat
  3891 | D:10     | Found Saekod's Antique Armour Boutique.
  3898 | D:10     | Bought a buckler for 117 gold pieces
  3913 | D:10     | XOM: noise
  3984 | D:10     | Learned a level 1 spell: Apportation
  3986 | D:10     | Learned a level 1 spell: Summon Butterflies
  3990 | D:10     | Learned a level 3 spell: Tukima's Dance
  4023 | D:11     | Reached ***** piety under Cheibriados
  4069 | D:11     | Noticed a purple ugly thing
  4104 | D:11     | Reached skill level 1 in Hexes
  4136 | D:11     | Killed a purple ugly thing
  4143 | D:11     | Killed a wyvern
  4143 | D:11     | Reached XP level 11. HP: 56/75 MP: 14/14
  4198 | D:11     | XOM: summons 2 hostile demons
  4210 | D:11     | Noticed a two-headed ogre
  4213 | D:11     | Killed a two-headed ogre
  4271 | D:11     | Noticed a manticore
  4275 | D:11     | Killed a manticore
  4293 | D:11     | Found a staircase to the Lair.
  4359 | D:12     | Found a staircase to the Orcish Mines.
  4416 | D:12     | Noticed Kirke
  4464 | D:12     | XOM: polymorph worker ant -> killer bee
  4577 | D:13     | Noticed a deep elf mage
  4594 | D:13     | Killed a deep elf mage
  4632 | D:13     | XOM: summons 1 hostile shadow creature
  4633 | D:13     | Noticed a white ugly thing
  4641 | D:13     | Reached skill level 5 in Hexes
  4701 | D:14     | Found a transporter.
  4710 | D:14     | Noticed Neusuxug's ghost (journeyman NaVM)
  4710 | D:14     | Noticed an ettin
  4711 | D:14     | Noticed a two-headed ogre
  4711 | D:14     | Identified the +2 great mace "Saadixoog" {venom, MR- Dex+7}
  4711 | D:14     | Noticed an ettin
  4713 | D:14     | Noticed a two-headed ogre
  4742 | D:14     | Noticed an orc knight
  4751 | D:14     | Reached skill level 5 in Invocations
  4753 | D:14     | Killed an orc knight
  4809 | D:14     | XOM: noise
  4815 | D:14     | Noticed a death knight
  4816 | D:14     | Noticed Rupert
  4822 | D:14     | Noticed a centaur warrior
  4909 | D:14     | Noticed a two-headed ogre
  4928 | D:13     | Noticed a deep elf mage
  4933 | D:13     | Killed a deep elf mage
  4981 | D:13     | Reached XP level 12. HP: 54/81 MP: 12/16
  4997 | D:13     | Reached skill level 10 in Dodging
  5020 | D:13     | Noticed a fire dragon
  5162 | D:12     | Reached skill level 5 in Earth Magic
  5173 | D:12     | Noticed Sonja
  5238 | D:12     | Killed Sonja
  5368 | D:12     | XOM: noise
  5456 | Lair:1   | Entered Level 1 of the Lair of Beasts
  5710 | Lair:2   | XOM: 3-stop teleportation journey
  5771 | Lair:1   | Noticed Joseph
  5776 | Lair:1   | Killed Joseph
  5858 | Lair:2   | Reached skill level 1 in Shields
  5910 | Lair:2   | Found a staircase to the Shoals.
  6194 | Lair:2   | Got a sparkling iron ring
  6195 | Lair:2   | Identified the ring "Vibrier" {rElec EV+4 Str+2 Int+2} (You
                  | found it on level 2 of the Lair of Beasts)
  6255 | Lair:2   | Found a hole to the Spider Nest.
  6618 | Lair:3   | Noticed a six-headed hydra
  6633 | Lair:3   | Killed a six-headed hydra
  6633 | Lair:3   | Reached XP level 13. HP: 89/89 MP: 9/18
  6697 | Lair:5   | Learned a level 4 spell: Summon Lightning Spire
  6851 | Lair:5   | Noticed Josephine
  6855 | Lair:5   | XOM: blink monster(s)
  6865 | Lair:5   | Killed Josephine
  6865 | Lair:5   | Reached skill level 1 in Summonings
  6865 | Lair:5   | Reached skill level 1 in Translocations
  6865 | Lair:5   | Reached skill level 1 in Air Magic
  6916 | Lair:5   | XOM: divination: detect items
  6963 | Lair:5   | XOM: noise
  6967 | Lair:6   | Entered Level 6 of the Lair of Beasts
  6972 | Lair:6   | Reached skill level 1 in Spellcasting
  7118 | Lair:5   | XOM: summons 4 hostile demons
  7183 | Lair:6   | Reached skill level 5 in Summonings
  7366 | Lair:6   | XOM: give mutations
  7366 | Lair:6   | Gained mutation: You are partially covered in thin metallic
                  | scales. (AC +2) [Xom's grace]
  7366 | Lair:6   | Gained mutation: Your flesh is cold resistant. (rC+) [Xom's
                  | grace]
  7454 | Lair:6   | XOM: give mutations
  7454 | Lair:6   | Gained mutation: Your spells are a little easier to cast,
                  | but a little less powerful. [Xom's mischief]
  7454 | Lair:6   | Gained mutation: You are frail. (-10% HP) [Xom's mischief]
  7454 | Lair:6   | Gained mutation: You are very frail. (-20% HP) [Xom's
                  | mischief]
  7454 | Lair:6   | Was forgiven by Xom
  7474 | Lair:6   | Reached XP level 14. HP: 73/76 MP: 16/19
  7601 | Lair:6   | Reached skill level 5 in Air Magic
  7612 | Lair:6   | Reached ****** piety under Cheibriados
  7649 | Lair:6   | Lost mutation: You are very frail. (-20% HP) [potion of
                  | mutation]
  7649 | Lair:6   | Lost mutation: Your flesh is cold resistant. (rC+) [potion
                  | of mutation]
  7649 | Lair:6   | Lost mutation: You are frail. (-10% HP) [potion of
                  | mutation]
  7649 | Lair:6   | Gained mutation: You are robust. (+10% HP) [potion of
                  | mutation]
  7649 | Lair:6   | Lost mutation: Your spells are a little easier to cast, but
                  | a little less powerful. [potion of mutation]
  7649 | Lair:6   | Gained mutation: Your skin blends seamlessly with your
                  | surroundings (Stealth++). [potion of mutation]
  7947 | Lair:4   | Noticed Snorg
  8067 | Lair:3   | Reached skill level 5 in Spellcasting
  8177 | D:12     | Killed Kirke
  8275 | Orc:1    | Entered Level 1 of the Orcish Mines
  8285 | Orc:1    | Found a shimmering blue altar of Sif Muna.
  8304 | Orc:1    | Identified Sif Muna's Reference Book on the Volcanoes
  8322 | Orc:1    | Learned a level 6 spell: Invisibility
  8326 | Orc:1    | Learned a level 3 spell: Mephitic Cloud
  8329 | Orc:1    | Learned a level 2 spell: Blink
  8427 | Orc:2    | Entered Level 2 of the Orcish Mines
  8469 | Orc:1    | Reached skill level 5 in Shields
  8541 | Orc:2    | Paralysed by an ogre mage for 6 turns
  8544 | Orc:2    | HP: 3/104 [ogre/+0 giant club (13)]
  8544 | Orc:2    | Demolished by a troll

Illustrated notes

Levels and vault maps discovered:
D:1:      eino_arrival_cavern_e, layout_rooms
D:2:      layout_loops_ring, okawaru_altar_gauntlet_db
D:3:      layout_rooms, riverfiend_overflow_shadow_ancestor, uniq_ijyb
D:4:      layout_basic, uniq_crazy_yiuf_cottage
D:5:      layout_cave_pools, nemelex_xobeh_ov_fountains_minmay,
          nicolae_overflow_hidden_temple, temple_hall, gup_sewer_entry_pipe,
          enter_ossuary_5, first_ration, makhleb_blood_cavern_becter,
          uniq_edmund
D:6:      layout_loops_corners, serial_shops, shop, kennysheep_dice,
          uniq_duvessa
D:7:      layout_rooms, serial_park_tiny_2, uniq_harold, uniq_maggie
D:8:      layout_basic, zin_statuary, grunt_ogre_cave, uniq_erica, uniq_psyche
D:9:      layout_basic, marbit_many_paths, lemuel_crystal_altar
D:10:     layout_roguey, serial_shops, shop_fountains
D:11:     layout_roguey, dpeg_oklobed_lair, uniq_erolcha
D:12:     layout_rooms, zombieorc2_lemuel, uniq_sonja, uniq_kirke
D:13:     minmay_the_grid_triangle_9x9_rhombus_thin_mashed
          [minmay_the_grid_triangle_9x9_empty,
          minmay_the_grid_triangle_9x9_prize_schism,
          minmay_the_grid_triangle_9x9_steps,
          minmay_the_grid_triangle_9x9_wacky_v], layout_loops_ring,
          david_vaults_1, serial_bayou_pond_c, nrook_pool_corridor, minmay_bent
D:14:     evilmike_iron_armoury, layout_loops_ring, gammafunk_ghost_smash,
          serial_bayou_ford_a, special_room [special_room_orc], uniq_rupert
Temple:   zaba_magenta_temple
Lair:1:   layout_loops_ring, lemuel_fruit_fields, lemuel_fruit_tree,
          infiniplex_staircase_pool, uniq_joseph
Lair:2:   layout_roguey, minmay_shoals_entry_hut, spider_nest_entry_webs,
          gammafunk_lair_bear_cave
Lair:3:   layout_chaotic_city, minmay_lair_oklob_chamber, serial_bayou_shore_a,
          lemuel_fruit_fields, serial_bayou_shore_b
Lair:4:   layout_regular_city, uniq_snorg
Lair:5:   layout_regular_city, grunt_megastairs_3, serial_bayou_shore_b,
          uniq_josephine
Lair:6:   minmay_lair_end_enchanted_forest, layout_cave_pods,
          minmay_slime_entry_oklob_enclosed, minivault_23, uniq_urug
Orc:1:    layout_caves, led_sif_book
Orc:2:    st_orc_open, layout_caves, serial_shops,
          nicolae_shop_temple_entry_statues_fountains

Skill      XL: |  1  2  3  4  5  6  7  8  9 10 11 12 13 14 |
---------------+-------------------------------------------+-----
Stealth        | 2 3 |  3.5
Evocations     | 4 5 7 |  7.2
Short Blades   | 2 |  2.4
Unarmed Combat | 1 4 7 9 10 | 10.2
Fighting       | 2 6 7 8 |  8.7
Dodging        | 3 6 8 9 10 | 10.1
Invocations    | 3 5 7 |  7.2
Earth Magic    | 2 4 6 |  6.9
Hexes          | 2 5 7 |  7.1
Shields        | 3 4 5 |  5.0
Summonings     | 6 8 |  8.4
Translocations | 3 |  3.0
Air Magic      | 4 5 |  5.8
Spellcasting   | 3 5 |  5.0

Action                   |  1- 3 |  4- 6 |  7- 9 | 10-12 | 13-15 || total
-------------------------+-------+-------+-------+-------+-------++-------
Melee: Short sword       |    11 |       |       |       |       ||    11
       Constrict         |     9 |    16 |    77 |    64 |    50 ||   216
       Tentacles         |     6 |    13 |    80 |   169 |   122 ||   390
       Dagger            |    21 |    67 |   246 |       |       ||   334
       Punch             |       |     1 |    21 |    93 |    56 ||   171
       Unarmed           |       |       |    49 |   456 |   330 ||   835
       Mace              |       |       |       |     1 |       ||     1
 Fire: Hunting sling     |       |       |       |    16 |     5 ||    21
Throw: Dart              |       |       |     6 |     3 |       ||     9
 Cast: Apportation       |       |       |       |    12 |    18 ||    30
       Tukima's Dance    |       |       |       |     2 |    10 ||    12
       Stone Arrow       |       |       |       |     1 |       ||     1
       Summon Lightning  |       |       |       |       |    21 ||    21
       Summon Butterflie |       |       |       |       |     2 ||     2
Invok: Slouch            |       |       |       |     7 |     7 ||    14
       Step From Time    |       |       |       |     1 |       ||     1
Evoke: Wand              |     6 |     4 |    37 |    31 |    21 ||    99
       Box of beasts     |       |       |       |     1 |       ||     1
  Use: Scroll            |       |       |    12 |    21 |     2 ||    35
       Potion            |       |       |     1 |     2 |    10 ||    13
 Stab: Sleeping          |     5 |     6 |    25 |    19 |     8 ||    63
       Distracted        |       |       |     2 |     2 |     4 ||     8
       Betrayed ally     |       |       |       |     1 |       ||     1
  Eat: Chunk             |       |       |     6 |     6 |     7 ||    19
       Ration            |       |       |       |     3 |     1 ||     4
Armor: Skin              |     2 |    20 |    37 |    38 |    51 ||   148
Dodge: Dodged            |    15 |    36 |   190 |   302 |   401 ||   944
Block: Buckler           |       |       |       |    73 |   143 ||   216

Table legend:
 A = Non-vault XP
 B = Vault XP
 C = Vault XP percentage of total XP
 D = Non-vault monster count
 E = Vault monster count
 F = Vault count percentage of total count
                 A         B        C        D         E       F
            +---------+---------+-------+---------+---------+-------
      Total |   49867 |   21240 |  29.9 |     372 |     171 |  31.5
            +---------+---------+-------+---------+---------+-------
        D:1 |      53 |       0 |   0.0 |      29 |       0 |   0.0
        D:2 |      64 |      36 |  36.0 |      19 |       6 |  24.0
        D:3 |      76 |      36 |  32.1 |      16 |       1 |   5.9
        D:4 |     256 |       0 |   0.0 |       4 |       0 |   0.0
        D:5 |     820 |     229 |  21.8 |      20 |       6 |  23.1
        D:6 |     500 |     135 |  21.3 |      18 |       2 |  10.0
        D:7 |     718 |       0 |   0.0 |      16 |       0 |   0.0
        D:8 |    1242 |     448 |  26.5 |      18 |       1 |   5.3
        D:9 |     165 |      13 |   7.3 |       4 |       1 |  20.0
       D:10 |    3190 |       0 |   0.0 |      32 |       0 |   0.0
       D:11 |    3702 |       0 |   0.0 |      32 |       0 |   0.0
       D:12 |    2096 |    3381 |  61.7 |      14 |      40 |  74.1
       D:13 |    3297 |     950 |  22.4 |      11 |       5 |  31.2
       D:14 |    1695 |       0 |   0.0 |      10 |       0 |   0.0
     Lair:1 |    2393 |     460 |  16.1 |      12 |       1 |   7.7
     Lair:2 |    4124 |    1281 |  23.7 |      20 |       7 |  25.9
     Lair:3 |    3253 |    1075 |  24.8 |      17 |       2 |  10.5
     Lair:4 |    1094 |       0 |   0.0 |       4 |       0 |   0.0
     Lair:5 |    6316 |    2634 |  29.4 |      20 |       8 |  28.6
     Lair:6 |   14373 |    6544 |  31.3 |      44 |      42 |  48.8
      Orc:1 |     172 |    1369 |  88.8 |       3 |       5 |  62.5
      Orc:2 |     268 |    2377 |  89.9 |       9 |      10 |  52.6
      Sewer |       0 |     144 | 100.0 |       0 |       6 | 100.0
    Ossuary |       0 |     128 | 100.0 |       0 |      28 | 100.0
            +---------+---------+-------+---------+---------+-------
